[Event "Team 45 45 League T56"]
[Site "Internet Chess Club"]
[Date "2013.04.13"]
[Round "8"]
[White "carokantor"]
[Black "Freitac"]
[Result "1/2-1/2"]
[WhiteElo "2029"]
[BlackElo "1937"]
[Opening "Caro-Kann: Panov-Botvinnik attack"]
[ECO "B13"]
[Time "08:36:54"]
[TimeControl "2700+45"]

1. e4 c6 2. c4 d5 3. exd5 cxd5 4. d4 Nf6 5. Nc3 Nc6 6. Nf3 Bg4 7. cxd5 Nxd5 8.
Qb3 Bxf3 9. gxf3 e6 10. Qxb7 Nxd4 11. Bb5+ Nxb5 12. Qc6+ Ke7 13. Qxb5 Qd7 14.
Bg5+ f6 15. Nxd5+ Qxd5 16. Qxd5 exd5 17. Be3 Ke6 18. O-O-O Bb4 19. a3 Rhc8+ 20.
Kb1 Bc5 21. Rhe1 Bxe3 22. Rxe3+ Kd6 23. Rde1 Rc4 24. Re7 Rh4 25. b4 Re4 26.
R1xe4 dxe4 27. Rxg7 exf3 28. Rxh7 Re8 29. Rf7 Re1+ 30. Kc2 Re2+ 31. Kd3 Rxf2 32.
Rxf6+ Ke5 33. Ra6 Rxh2 34. Ke3 f2 35. Ke2 Rh7 36. Kxf2 Kd5 37. a4 Re7 38. Kf3
Kc4 39. b5 Kc5 40. Kf4 Kd5 41. Kg5 Kc5 42. Kf6 Rh7 43. Ke5 Rh5+ 44. Ke4 Rh4+ 45.
Kf3 Rh3+ 46. Kg4 Rh7 47. Kf4 Re7 48. Kf5 Rh7 49. Re6 Kb4 50. Re4+ Ka5 51. Ke6 a6
52. bxa6 Kxa6 53. Kd6 Rh6+ 54. Kc5 Ka5 55. Kd5 {Game drawn by mutual agreement}
1/2-1/2

[Event "Team 45 45 League T56"]
[Site "Internet Chess Club"]
[Date "2013.04.14"]
[Round "8"]
[White "bahamapapa"]
[Black "Tobiasdelmonte"]
[Result "1-0"]
[WhiteElo "1874"]
[BlackElo "2000"]
[Opening "King's Indian: Four pawns attack"]
[ECO "E76"]
[Time "17:12:48"]
[TimeControl "2700+45"]

1. d4 Nf6 2. c4 g6 3. Nc3 Bg7 4. e4 d6 5. f4 O-O 6. Nf3 Na6 7. Be2 e5 8. fxe5
dxe5 9. d5 Nc5 10. Qc2 Bg4 11. Be3 Ncd7 12. h3 Bxf3 13. Bxf3 a6 14. O-O Qe7 15.
a3 b6 16. b4 Rfd8 17. Na4 b5 18. cxb5 axb5 19. Nc3 Rab8 20. Be2 Ne8 21. Nxb5 Nb6
22. Na7 Rd6 23. Nc6 Rxc6 24. dxc6 Nd6 25. a4 Qh4 26. Bd3 f5 27. a5 Nbc8 28. a6
f4 29. a7 Ra8 30. Bf2 Qd8 31. Ba6 Rxa7 32. Bxa7 Nxa7 33. Bc4+ Kh8 34. Rxa7 Qb8
35. Rfa1 Bf8 36. Qc3 Qb6+ 37. Kh2 Qxc6 38. Qxe5+ Bg7 39. Ra8+ {Black resigns}
1-0

[Event "Team 45 45 League T56"]
[Site "Internet Chess Club"]
[Date "2013.04.15"]
[Round "8"]
[White "vigneshv"]
[Black "WillC"]
[Result "1-0"]
[WhiteElo "1682"]
[BlackElo "1641"]
[Opening "QGD: exchange, positional line"]
[ECO "D35"]
[Time "19:03:28"]
[TimeControl "2700+45"]

1. d4 d5 2. c4 e6 3. Nc3 Nf6 4. cxd5 exd5 5. Bg5 Be7 6. e3 O-O 7. Bd3 Nbd7 8.
Qc2 h6 9. Bh4 c5 10. Nf3 a6 11. dxc5 Nxc5 12. O-O Nxd3 13. Qxd3 Be6 14. Rfd1 Qb6
15. b3 Rfd8 16. Rac1 Rac8 17. h3 Qb4 18. Nd4 Qd6 19. Bg3 Qd7 20. Na4 Rxc1 21.
Rxc1 Rc8 22. Rd1 Ne4 23. Nb6 Qd8 24. Nxc8 Qxc8 25. Nxe6 fxe6 26. Be5 Qf8 27. f3
Nc5 28. Qg6 Bd6 29. Bd4 Qe7 30. b4 Nd7 31. Bxg7 Qxg7 32. Qxe6+ Kh8 33. Qxd6 Nf6
34. Rc1 Qg5 35. Qf8+ Ng8 36. Qf4 Qg6 37. Qe5+ Nf6 38. Rc8+ Kh7 39. Qe7+ Qg7 40.
Qxg7+ Kxg7 41. Rc7+ Kg6 42. Rxb7 Kf5 43. Rb6 Nd7 44. Rxa6 h5 45. Rd6 Nf6 46.
Rxf6+ Kxf6 47. a4 {Black resigns} 1-0

[Event "Team 45 45 League T56"]
[Site "Internet Chess Club"]
[Date "2013.04.14"]
[Round "8"]
[White "Innes"]
[Black "M-Tuzel"]
[Result "0-1"]
[WhiteElo "1660"]
[BlackElo "1624"]
[Opening "Caro-Kann: advance variation"]
[ECO "B12"]
[Time "14:00:13"]
[TimeControl "2700+45"]

1. e4 c6 2. d4 d5 3. e5 Bf5 4. Nf3 e6 5. Be2 c5 6. c3 Nc6 7. O-O Bg6 8. Nbd2 Qb6
9. dxc5 Bxc5 10. Nb3 Nge7 11. Nxc5 Qxc5 12. Be3 Qa5 13. Qb3 O-O 14. c4 dxc4 15.
Bxc4 Nxe5 16. Nxe5 Qxe5 17. Rfd1 Nf5 18. Bd2 Nd4 19. Qxb7 Rab8 20. Qxa7 Rxb2 21.
Be3 Nc2 22. Bc5 Rc8 23. Qd7 Qxc5 24. Rac1 Nb4 25. Bxe6 Qxf2+ {White resigns} 0-1

[Event "Team 45 45 League T56"]
[Site "Internet Chess Club"]
[Date "2013.04.14"]
[Round "8"]
[White "Inquisiteur"]
[Black "hewdondada"]
[Result "1-0"]
[WhiteElo "1702"]
[BlackElo "1751"]
[Opening "English opening"]
[ECO "A05"]
[Time "19:01:22"]
[TimeControl "2700+45"]

1. Nf3 Nf6 2. c4 c6 3. g3 d5 4. Bg2 g6 5. b3 Bg7 6. Bb2 O-O 7. O-O Bg4 8. d3
Nbd7 9. Nbd2 Re8 10. h3 Bxf3 11. Nxf3 e5 12. e3 Qb6 13. Rc1 e4 14. dxe4 dxe4 15.
Nd4 c5 16. Ne2 Rad8 17. Qc2 Qc6 18. Nc3 a6 19. Rfd1 Qe6 20. Nd5 Nxd5 21. cxd5
Qe7 22. Bxg7 Kxg7 23. Qc3+ Qe5 24. a4 f5 25. Qa5 Qd6 26. Rd2 Rc8 27. Qc3+ Kg8
28. Rb1 Re5 29. Bf1 Nf6 30. Rbd1 Kf8 31. a5 Rc7 32. Bc4 Rd7 33. Rb2 Kg7 34. b4
Kh6 35. bxc5 Qe7 36. Rbd2 g5 37. d6 Qe8 38. Be2 Qf7 39. Qxe5 {Black resigns} 1-0

[Event "Team 45 45 League T56"]
[Site "Internet Chess Club"]
[Date "2013.04.10"]
[Round "8"]
[White "kidcobra"]
[Black "NimzoMal"]
[Result "1/2-1/2"]
[WhiteElo "1751"]
[BlackElo "1766"]
[Opening "French: exchange variation"]
[ECO "C01"]
[Time "18:06:19"]
[TimeControl "2700+45"]

1. e4 e6 2. d4 d5 3. exd5 exd5 4. Nf3 Bb4+ 5. Bd2 Qe7+ 6. Qe2 Be6 7. Bxb4 Qxb4+
8. c3 Qb6 9. Qb5+ Nd7 10. Qxb6 axb6 11. Bd3 Ne7 12. O-O h6 13. Nbd2 O-O 14. a3
Rfe8 15. Rfe1 c5 16. c4 Nc6 17. cxd5 Bxd5 18. dxc5 bxc5 19. Be4 Nf6 20. Bxd5
Nxd5 21. Rxe8+ Rxe8 22. Re1 Rxe1+ 23. Nxe1 f5 24. Nd3 b6 25. f3 g5 26. Kf2 Kf7
27. Nc4 Ke6 28. g3 f4 29. gxf4 gxf4 30. b4 cxb4 31. Nxb4 Ndxb4 32. axb4 b5 33.
Na3 Nd4 34. Kg2 Kd5 {Game drawn by mutual agreement} 1/2-1/2

[Event "Team 45 45 League T56"]
[Site "Internet Chess Club"]
[Date "2013.04.12"]
[Round "8"]
[White "SirIvanhoe"]
[Black "RamRock"]
[Result "0-1"]
[WhiteElo "1492"]
[BlackElo "1858"]
[Opening "Caro-Kann: closed (Breyer) variation"]
[ECO "B10"]
[Time "19:01:52"]
[TimeControl "2700+45"]

1. e4 c6 2. d3 d5 3. Nd2 e5 4. Ngf3 Bd6 5. g3 d4 6. Bg2 Be6 7. O-O c5 8. Nh4 Ne7
9. Nb1 Nbc6 10. f4 f6 11. f5 Bf7 12. Na3 Qd7 13. Nb5 a6 14. Nxd6+ Qxd6 15. g4
O-O-O 16. g5 Kb8 17. Qg4 Rdg8 18. g6 hxg6 19. Nxg6 Nxg6 20. fxg6 Be6 21. Qg3 Qd7
22. Bd2 Bh3 23. Kf2 Qg4 24. Bxh3 Qxh3 25. Qxh3 Rxh3 26. Rh1 Rgh8 27. Kg2 Ne7 28.
Raf1 Nxg6 29. Ba5 Nf4+ 30. Kg1 R8h6 31. Rf2 R3h5 32. Rd2 f5 33. Bd8 fxe4 34.
dxe4 Re6 35. h4 Kc8 36. Bg5 Rg6 37. Rf2 Ne6 38. Rg2 Nxg5 39. hxg5 Rhxg5 40. Rxg5
Rxg5+ 41. Kf2 Kd7 42. Rh8 Rg4 43. Kf3 Rf4+ 44. Kg3 g5 45. Rh7+ Kc6 46. Rh5 Rxe4
47. Rxg5 Re2 48. Kf3 Rxc2 49. Rxe5 Rxb2 50. Re6+ Kb5 51. Re1 c4 {White resigns}
0-1

[Event "Team 45 45 League T56"]
[Site "Internet Chess Club"]
[Date "2013.04.13"]
[Round "8"]
[White "koni"]
[Black "flyingpawns"]
[Result "1/2-1/2"]
[WhiteElo "1925"]
[BlackElo "1834"]
[Opening "French: King's Indian attack"]
[ECO "C00"]
[Time "00:31:11"]
[TimeControl "2700+45"]

1. e4 e6 2. d3 d5 3. Nd2 Nf6 4. Ngf3 g6 5. g3 Bg7 6. Bg2 c5 7. O-O Nc6 8. Re1
O-O 9. c3 Qc7 10. exd5 Nxd5 11. Nc4 b5 12. Ne3 Nb6 13. Ng4 Bb7 14. Bf4 Qd7 15.
Qd2 h5 16. Nge5 Nxe5 17. Nxe5 Bxe5 18. Bxe5 f6 19. Bxb7 Qxb7 20. Bd6 Rfd8 21.
Rxe6 Qd5 22. Qh6 Qxe6 {Game drawn by mutual agreement} 1/2-1/2

[Event "Team 45 45 League T56"]
[Site "Internet Chess Club"]
[Date "2013.04.13"]
[Round "8"]
[White "Helaman"]
[Black "John3v16"]
[Result "1-0"]
[WhiteElo "1867"]
[BlackElo "1711"]
[Opening "Alekhine's defense: modern variation"]
[ECO "B04"]
[Time "22:32:04"]
[TimeControl "2700+45"]

1. e4 Nf6 2. e5 Nd5 3. d4 d6 4. Nf3 Nc6 5. c4 Nb6 6. exd6 exd6 7. Nc3 Be7 8. d5
Ne5 9. Nxe5 dxe5 10. Be3 O-O 11. Be2 Bf5 12. c5 Nd7 13. g4 Bg6 14. d6 cxd6 15.
cxd6 Bg5 16. Bxg5 Qxg5 17. h4 Qf4 18. Nd5 Qd4 19. Qxd4 exd4 20. Rd1 Be4 21. Ne7+
Kh8 22. f3 Bc6 23. Rxd4 Ne5 24. Nxc6 Nxc6 25. Rd1 Rad8 26. Kf2 Rd7 27. Rd5 a6
28. Rc1 Nb4 29. Rd2 Nxa2 30. Rc7 Rfd8 31. Rxd7 Rxd7 32. Bc4 Nb4 33. Bxf7 Nc6 34.
Be6 Rd8 35. f4 Rf8 36. Kg3 Nd8 37. Bd5 g6 38. d7 b6 39. Re2 Kg7 40. Re7+ Kf6 41.
Re8 Kg7 42. Re7+ Kh8 43. g5 b5 44. Kg4 a5 45. b3 a4 46. bxa4 bxa4 47. h5 a3 48.
h6 a2 49. Bxa2 Nc6 50. Re8 {Black resigns} 1-0

[Event "Team 45 45 League T56"]
[Site "Internet Chess Club"]
[Date "2013.04.13"]
[Round "8"]
[White "kabindra"]
[Black "LittleButton"]
[Result "0-1"]
[WhiteElo "1893"]
[BlackElo "1820"]
[Opening "Sicilian: Alapin's variation (2.c3)"]
[ECO "B22"]
[Time "11:01:32"]
[TimeControl "2700+45"]

1. e4 c5 2. c3 Nf6 3. e5 Nd5 4. Nf3 Nc6 5. d4 cxd4 6. cxd4 d6 7. exd6 Qxd6 8. a3
Bg4 9. Be2 g6 10. h3 Bf5 11. Nc3 Nxc3 12. bxc3 Bg7 13. O-O O-O 14. a4 Na5 15.
Ba3 Qc7 16. Rc1 Rfe8 17. Bb5 Bd7 18. Bxd7 Qxd7 19. c4 Rac8 20. c5 e6 21. Ne5 Qd5
22. Qf3 Bxe5 23. dxe5 Qxf3 24. gxf3 Red8 25. Rfd1 Nb3 26. Rxd8+ Rxd8 27. Rc3 Na5
28. Kg2 Nc6 29. Re3 Rd4 30. Re4 Rxe4 31. fxe4 Nxe5 32. f4 Nc6 33. Bb2 Kf8 34.
Bf6 Nb8 35. Kg3 Nd7 36. Bd4 a6 37. Kg4 f6 38. e5 f5+ 39. Kf3 Nb8 40. Ke3 Nc6 41.
Bc3 Ne7 42. Ba5 Nd5+ 43. Kf3 Ke8 44. Be1 Kd7 45. Kg3 Kc6 46. Bf2 Nc3 47. Kh4 h6
48. a5 Ne4 49. Be1 Kxc5 50. Bb4+ Kb5 51. Be1 Nc5 52. Bf2 Nb3 53. Bb6 Nxa5 54.
Bd8 Nb3 55. Bf6 a5 56. Bg7 a4 57. Bxh6 a3 58. Kg5 a2 59. Kxg6 a1=Q 60. h4 Nc5
61. h5 Qa8 62. Bg7 Qe8+ 63. Kh6 {White resigns} 0-1

[Event "Team 45 45 League T56"]
[Site "Internet Chess Club"]
[Date "2013.04.15"]
[Round "8"]
[White "justice02"]
[Black "subterfuge"]
[Result "0-1"]
[WhiteElo "1703"]
[BlackElo "1794"]
[Opening "QGD: Semi-Tarrasch defense"]
[ECO "D40"]
[Time "21:30:40"]
[TimeControl "2700+45"]

1. c4 Nf6 2. d4 d5 3. Nc3 e6 4. Nf3 c5 5. Bf4 Bd6 6. Bg5 h6 7. Bh4 g5 8. Bg3 Nc6
9. e3 cxd4 10. Nxd4 Bxg3 11. Nxc6 Bxf2+ 12. Kxf2 bxc6 13. Qd4 O-O 14. Be2 dxc4
15. Qxc4 Nd5 16. Nxd5 cxd5 17. Qd4 Qb6 18. Qxb6 axb6 19. Rhc1 Ba6 20. Bh5 Rfc8
21. a3 Bd3 22. Kg3 Kg7 23. h4 Rc4 24. Rxc4 dxc4 25. hxg5 hxg5 26. Bf3 Rh8 27. a4
f5 28. a5 bxa5 29. Rxa5 Rb8 30. Ra7+ Kf6 31. Rb7 Rxb7 32. Bxb7 Ke5 33. Ba6 Ke4
34. Kf2 f4 35. exf4 gxf4 36. Bb7+ Kd4 37. g3 fxg3+ 38. Kxg3 Ke3 39. Kg4 e5 40.
Ba6 Kd2 41. Kf3 e4+ {White resigns} 0-1

[Event "Team 45 45 League T56"]
[Site "Internet Chess Club"]
[Date "2013.04.12"]
[Round "8"]
[White "alexping"]
[Black "BigH"]
[Result "0-1"]
[WhiteElo "1902"]
[BlackElo "2099"]
[Opening "Queen's pawn game"]
[ECO "E10"]
[Time "11:13:05"]
[TimeControl "2700+45"]

1. d4 Nf6 2. c4 e6 3. Nf3 c5 4. e3 b6 5. Nc3 Bb7 6. d5 exd5 7. cxd5 d6 8. Bb5+
Nbd7 9. e4 a6 10. Bd3 b5 11. b3 g6 12. Bb2 Bg7 13. O-O O-O 14. Re1 Re8 15. Qc2
Qc7 16. Nd1 Re7 17. a4 Rae8 18. axb5 axb5 19. Nc3 b4 20. Nb5 Qb6 21. Ra7 Ba6 22.
Rxa6 Qxa6 23. Nc7 Qc8 24. Nxe8 Qxe8 25. Bb5 Qb8 26. Bc6 h6 27. Ra1 Kh7 28. Ra5
Qc7 29. Rb5 Nb6 30. Nd2 Nxe4 31. Nxe4 Bxb2 32. g3 Bd4 33. Nxd6 Nxd5 34. Bxd5
Qxd6 35. Bf3 Qd7 36. Ra5 Qh3 37. Be2 h5 38. Ra2 h4 39. Qd3 Re5 40. g4 Qxd3 41.
Bxd3 h3 42. Re2 Rg5 43. Re4 f5 44. Rf4 fxg4 45. Rf7+ Kh6 46. Re7 g3 47. Rf7
gxf2+ 48. Kf1 Rg2 49. Bc4 Rg1+ 50. Ke2 Re1+ 51. Kd2 Be3+ 52. Kc2 Rc1+ 53. Kd3
f1=Q+ {White resigns} 0-1

[Event "Team 45 45 League T56"]
[Site "Internet Chess Club"]
[Date "2013.04.11"]
[Round "8"]
[White "zap2"]
[Black "bshribharath"]
[Result "1-0"]
[WhiteElo "1822"]
[BlackElo "1812"]
[Opening "Réti: King's Indian attack (Barcza system)"]
[ECO "A07"]
[Time "04:46:55"]
[TimeControl "2700+45"]

1. Nf3 d5 2. g3 Bf5 3. d3 h6 4. Bg2 Nf6 5. Nbd2 e6 6. O-O Be7 7. Re1 Bh7 8. b3
O-O 9. Bb2 c6 10. e4 Qb6 11. e5 Nfd7 12. Qe2 c5 13. h4 Nc6 14. Nf1 Rae8 15. N1h2
Qc7 16. h5 f6 17. exf6 Bxf6 18. Bxf6 Nxf6 19. Ne5 Nxe5 20. Qxe5 Qxe5 21. Rxe5
Bf5 22. Rae1 Ng4 23. Nxg4 Bxg4 24. Bxd5 b6 25. Bxe6+ Bxe6 26. Rxe6 Rxe6 27. Rxe6
Kf7 28. Re3 Rd8 29. f4 Rd5 30. g4 a5 31. a4 Rd4 32. Re4 Rd6 33. Kf2 Kf6 34. Kf3
Kf7 35. f5 {Black resigns} 1-0

[Event "Team 45 45 League T56"]
[Site "Internet Chess Club"]
[Date "2013.04.15"]
[Round "8"]
[White "qs16"]
[Black "latayvia"]
[Result "1-0"]
[WhiteElo "1728"]
[BlackElo "1821"]
[Opening "Queen's pawn: stonewall attack"]
[ECO "D00"]
[Time "16:00:09"]
[TimeControl "2700+45"]

1. d4 d5 2. e3 Nf6 3. Bd3 c5 4. c3 Nc6 5. Nd2 e6 6. f4 Qc7 7. Ngf3 Be7 8. O-O
Bd7 9. Ne5 Rc8 10. Ndf3 h6 11. Bd2 Nxe5 12. Nxe5 Ne4 13. Be1 Bf6 14. Nxd7 Qxd7
15. Rc1 cxd4 16. exd4 Qc7 17. Qe2 Bxd4+ 18. cxd4 Qxc1 19. Bb5+ Kd8 20. Ba5+ b6
21. Rxc1 Rxc1+ 22. Be1 Ke7 23. Bd3 Rhc8 24. Bxe4 dxe4 25. h3 R8c2 26. Qxe4 f5
27. Qe5 Rd2 28. Kh2 Rxb2 29. Qxg7+ Kd6 30. Qe5+ Kd7 31. d5 Rcc2 32. Qxe6+ Kc7
33. d6+ Kb7 34. Qd5+ Ka6 35. d7 {Black resigns} 1-0

[Event "Team 45 45 League T56"]
[Site "Internet Chess Club"]
[Date "2013.04.14"]
[Round "8"]
[White "badmove"]
[Black "rubo"]
[Result "1-0"]
[WhiteElo "1650"]
[BlackElo "1708"]
[Opening "Trompowsky attack (Ruth, Opocenský opening)"]
[ECO "A45"]
[Time "17:17:18"]
[TimeControl "2700+45"]

1. d4 Nf6 2. Bg5 Ne4 3. Bf4 c5 4. d5 d6 5. f3 Nf6 6. e4 Nbd7 7. c3 g6 8. a4 Bg7
9. Nh3 O-O 10. Nf2 b6 11. Na3 a6 12. Be2 Bb7 13. Nc4 Qc7 14. Qd2 Rfb8 15. O-O
Ne8 16. Rfc1 Qd8 17. Nd3 Nc7 18. Bh6 Bh8 19. h4 b5 20. axb5 axb5 21. Ne3 Rxa1
22. Rxa1 Ra8 23. Rxa8 Qxa8 24. Nf5 Qe8 25. h5 Nf8 26. hxg6 fxg6 27. Qg5 Bf6 28.
Qg3 Kh8 29. Nxd6 exd6 30. Qxd6 Qe7 31. Bxf8 Qxd6 32. Bxd6 c4 33. Bxc7 cxd3 34.
Bxd3 b4 35. Ba5 bxc3 36. Bxc3 Kg7 37. Kf2 Kf7 38. Bxf6 Kxf6 39. Ke3 g5 40. b4
Ke5 41. g3 h6 42. f4+ Kd6 43. Be2 Bc8 44. fxg5 hxg5 45. Kd4 Bd7 46. e5+ Kc7 47.
Kc5 Bf5 48. b5 Be4 49. Bg4 Bg6 50. d6+ Kd8 51. b6 Be4 52. e6 Ke8 53. Bh5+ Bg6
54. Bxg6+ Kd8 55. e7+ {Black resigns} 1-0

[Event "Team 45 45 League T56"]
[Site "Internet Chess Club"]
[Date "2013.04.14"]
[Round "8"]
[White "BigH"]
[Black "Shijith"]
[Result "0-1"]
[WhiteElo "2083"]
[BlackElo "2108"]
[Opening "Trompowsky attack (Ruth, Opocenský opening)"]
[ECO "A45"]
[Time "12:10:52"]
[TimeControl "2700+45"]

1. d4 Nf6 2. Bg5 Ne4 3. Bf4 d5 4. e3 Bf5 5. Bd3 e6 6. Ne2 g5 7. Bg3 h5 8. f3
Nxg3 9. hxg3 Nc6 10. g4 Bxd3 11. Qxd3 h4 12. Ng3 Bd6 13. Nh5 Qe7 14. Nd2 O-O-O
15. O-O-O f5 16. Rhe1 fxg4 17. fxg4 Rdf8 18. Nf3 Nb4 19. Qb3 h3 20. e4 dxe4 21.
Rxe4 hxg2 22. d5 Nxd5 23. Rg1 Nf4 24. Nxf4 Rxf4 25. Rxf4 Bxf4+ 26. Kb1 Rh1
{White resigns} 0-1

[Event "Team 45 45 League T56"]
[Site "Internet Chess Club"]
[Date "2013.04.13"]
[Round "8"]
[White "seikster"]
[Black "TerryMalloy"]
[Result "1-0"]
[WhiteElo "1898"]
[BlackElo "2019"]
[Opening "Sicilian: Najdorf, Opocensky variation"]
[ECO "B92"]
[Time "16:05:50"]
[TimeControl "2700+45"]

1. e4 c5 2. Nf3 d6 3. d4 cxd4 4. Nxd4 Nf6 5. Nc3 a6 6. Be2 e5 7. Nb3 Be7 8. O-O
O-O 9. a4 Be6 10. Be3 Nbd7 11. f4 Qc7 12. f5 Bc4 13. a5 b5 14. axb6 Nxb6 15. Kh1
Rfc8 16. Bxb6 Qxb6 17. Bxc4 Rxc4 18. Qe2 Rac8 19. Rf3 Qb7 20. Re3 d5 21. exd5
Nxd5 22. Nxd5 Rxc2 23. Nxe7+ Qxe7 24. Qg4 Qb7 25. f6 g6 26. Rae1 h6 27. Qh3 Kh7
28. Rxe5 Qb6 29. Qe3 Qxf6 30. Nd2 {Black forfeits on time} 1-0

[Event "Team 45 45 League T56"]
[Site "Internet Chess Club"]
[Date "2013.04.14"]
[Round "8"]
[White "MeWantCookie"]
[Black "Nb4"]
[Result "0-1"]
[WhiteElo "1999"]
[BlackElo "1911"]
[Opening "Queen's pawn game, Rubinstein (Colle-Zukertort) variation"]
[ECO "A40"]
[Time "15:02:27"]
[TimeControl "2700+45"]

1. d4 e6 2. Nf3 c5 3. e3 Nf6 4. Bd3 d5 5. b3 cxd4 6. exd4 Bb4+ 7. c3 Bd6 8. O-O
h6 9. Ba3 Nc6 10. Qe2 O-O 11. Bxd6 Qxd6 12. Nbd2 a6 13. c4 dxc4 14. Nxc4 Qc7 15.
Rac1 Rd8 16. Nce5 Bd7 17. Rfd1 Rac8 18. Nxd7 Rxd7 19. Bb1 Nxd4 {White resigns}
0-1

[Event "Team 45 45 League T56"]
[Site "Internet Chess Club"]
[Date "2013.04.14"]
[Round "8"]
[White "bat30"]
[Black "zap2"]
[Result "1-0"]
[WhiteElo "1883"]
[BlackElo "1808"]
[Opening "Caro-Kann: Steinitz variation"]
[ECO "B17"]
[Time "15:31:10"]
[TimeControl "2700+45"]

1. e4 c6 2. d4 d5 3. Nc3 dxe4 4. Nxe4 Nd7 5. Nf3 Ngf6 6. Ng3 e6 7. Bd3 Qc7 8.
O-O Be7 9. Re1 O-O 10. c4 b6 11. Qe2 h6 12. Bd2 Re8 13. b4 Bb7 14. a4 c5 15.
dxc5 bxc5 16. b5 a5 17. Rad1 Nb6 18. Bc2 Bd6 19. Ne4 Nxe4 20. Bxe4 Bxe4 21. Qxe4
Reb8 22. Qg4 Kh7 23. Bc3 Rg8 24. Ng5+ Kh8 25. Rxd6 Nxa4 26. Qf5 {Black resigns}
1-0

[Event "Team 45 45 League T56"]
[Site "Internet Chess Club"]
[Date "2013.04.14"]
[Round "8"]
[White "Chess-Dream"]
[Black "Jack-ONeill"]
[Result "1/2-1/2"]
[WhiteElo "2160"]
[BlackElo "2067"]
[Opening "QGD: classical variation (5.Bf4)"]
[ECO "D37"]
[Time "14:30:55"]
[TimeControl "2700+45"]

1. Nf3 d5 2. d4 Nf6 3. c4 e6 4. Nc3 Be7 5. Bf4 O-O 6. e3 Nbd7 7. a3 dxc4 8. Bxc4
Nb6 9. Bd3 Nbd5 10. Nxd5 exd5 11. Qc2 Bd6 12. Bxd6 cxd6 13. h3 Re8 14. O-O Bd7
15. b4 Rc8 16. Qb2 Ne4 17. Rac1 Qf6 18. Rxc8 Bxc8 19. Be2 Qg6 20. Kh2 Be6 21.
Ne1 Rc8 22. Nd3 Qf6 23. Nf4 Qd8 24. f3 Nc3 25. Bd3 Na4 26. Qb1 g6 27. Rc1 Nb6
28. Rc2 Nc4 29. Bxc4 Rxc4 30. Rxc4 dxc4 31. d5 Bd7 32. Qc2 b5 33. Qc3 Qg5 34.
Qd4 Qe5 35. Qxe5 dxe5 36. Ne2 Kf8 37. Nc3 f5 38. e4 f4 39. h4 h6 40. g3 g5 41.
hxg5 hxg5 42. g4 {Game drawn by mutual agreement} 1/2-1/2

[Event "Team 45 45 League T56"]
[Site "Internet Chess Club"]
[Date "2013.04.13"]
[Round "8"]
[White "Ptzz"]
[Black "Pason"]
[Result "1-0"]
[WhiteElo "2144"]
[BlackElo "1976"]
[Opening "English opening"]
[ECO "A13"]
[Time "12:00:05"]
[TimeControl "2700+45"]

1. c4 e6 2. g3 Nf6 3. Bg2 c5 4. Nf3 Be7 5. Nc3 a6 6. O-O O-O 7. d4 cxd4 8. Nxd4
Qc7 9. Qd3 d6 10. b3 Bd7 11. a4 Nc6 12. Nxc6 Bxc6 13. h3 Rac8 14. Be3 Bxg2 15.
Kxg2 d5 16. Rab1 dxc4 17. bxc4 Qxc4 18. Qxc4 Rxc4 19. Rxb7 Rxc3 20. Rxe7 Nd5 21.
Ra7 Nxe3+ 22. fxe3 Rc6 23. Rb1 g6 24. Rbb7 Kg7 25. a5 Kf6 26. Rb6 Rxb6 27. axb6
Rb8 28. Rxa6 Ke5 29. Kf3 f5 30. e4 Rb7 31. exf5 exf5 32. Ra5+ Kd6 33. Rb5 Kc6
34. Rb3 g5 35. e4 g4+ 36. hxg4 fxe4+ 37. Kxe4 Re7+ 38. Kf5 Kb7 39. Kf6 Rd7 40.
g5 Rd6+ 41. Kg7 Rd7+ 42. Kh6 Re7 43. g6 {Black resigns} 1-0

[Event "Team 45 45 League T56"]
[Site "Internet Chess Club"]
[Date "2013.04.11"]
[Round "8"]
[White "PhoebeXYZ"]
[Black "Holgate"]
[Result "1-0"]
[WhiteElo "2117"]
[BlackElo "2003"]
[Opening "Sicilian: Alapin's variation (2.c3)"]
[ECO "B22"]
[Time "10:03:23"]
[TimeControl "2700+45"]

1. e4 c5 2. c3 Nf6 3. e5 Nd5 4. d4 cxd4 5. Nf3 Nc6 6. Bc4 Nb6 7. Bb3 d5 8. exd6
Qxd6 9. O-O Be6 10. Bxe6 Qxe6 11. Nxd4 Nxd4 12. Qxd4 Rd8 13. Qh4 Qe2 14. Nd2 e6
15. Qg3 Bd6 16. Qxg7 Be5 17. Qg5 Nd5 18. Nf3 Bf6 19. Qg4 h5 20. Qa4+ b5 21. Qxa7
Rg8 22. Nd4 Qe4 23. g3 h4 24. Bd2 Nb4 25. Rae1 Qd5 26. Be3 Nd3 27. Rd1 Nxb2 28.
Rb1 hxg3 29. fxg3 Qe4 30. Nxb5 Nc4 31. Rxf6 Qxb1+ 32. Rf1 Qg6 33. Bc5 f5 34.
Qe7# {Black checkmated} 1-0

[Event "Team 45 45 League T56"]
[Site "Internet Chess Club"]
[Date "2013.04.15"]
[Round "8"]
[White "PandorasBox"]
[Black "Freitac"]
[Result "0-1"]
[WhiteElo "1898"]
[BlackElo "1952"]
[Opening "English: Anglo-Grünfeld, Czech defense"]
[ECO "A15"]
[Time "16:39:22"]
[TimeControl "2700+45"]

1. c4 Nf6 2. g3 g6 3. Bg2 d5 4. cxd5 Nxd5 5. Nc3 Nb6 6. b3 Bg7 7. Bb2 O-O 8. Nf3
c5 9. O-O Nc6 10. d3 Bf5 11. Re1 Nd5 12. Na4 Bxb2 13. Nxb2 Bg4 14. Nc4 Bxf3 15.
Bxf3 Qd7 16. Bxd5 Qxd5 17. Ne3 Qd7 18. Nc2 f5 19. Qd2 e5 20. Qc3 b6 21. Rad1
Rae8 22. a3 f4 23. Qc4+ Kh8 24. e3 f3 25. Qh4 Ne7 26. Rd2 Qe6 27. b4 cxb4 28.
axb4 Nd5 29. d4 g5 30. Qh5 e4 31. Ra1 Re7 32. h3 Rf6 33. Qg4 Qxg4 34. hxg4 Rc6
35. b5 Rc3 36. Ra3 Rec7 37. Ra2 Rb3 38. Kh2 Rxb5 39. Na3 Rb3 40. Rdb2 Rxb2 41.
Rxb2 Rc1 42. Rb5 Nc3 43. Rb2 Ra1 44. Nb5 Nxb5 45. Rxb5 Rf1 46. Rb2 Kg7 47. Rc2
a5 48. d5 Kf6 49. Rb2 Ke5 50. d6 Kxd6 51. Rxb6+ Kc5 52. Re6 Rxf2+ 53. Kh3 Rf1
54. Kh2 Kd5 55. Rf6 Ra1 56. Rf5+ Ke6 57. Rf8 a4 58. Rf5 a3 59. Rf8 a2 60. Ra8 f2
61. Rf8 f1=Q 62. Re8+ Kd5 63. Re5+ Kc6 64. Rc5+ Kb6 65. Rc6+ Ka5 66. Ra6+ Qxa6
{White resigns} 0-1

[Event "Team 45 45 League T56"]
[Site "Internet Chess Club"]
[Date "2013.04.15"]
[Round "8"]
[White "Helaman"]
[Black "SugarIslander"]
[Result "1-0"]
[WhiteElo "1875"]
[BlackElo "1682"]
[Opening "QGD Slav: 4.e3 Bf5"]
[ECO "D12"]
[Time "20:00:33"]
[TimeControl "2700+45"]

1. d4 d5 2. c4 c6 3. Nf3 Nf6 4. e3 Bf5 5. Nc3 e6 6. Nh4 Bg6 7. Be2 dxc4 8. Nxg6
hxg6 9. Bxc4 Nbd7 10. h3 Nb6 11. Bb3 Qc7 12. O-O g5 13. e4 g4 14. e5 gxh3 15.
exf6 hxg2 16. Kxg2 Qh2+ 17. Kf3 O-O-O 18. Bf4 Rh3+ 19. Bg3 Bd6 20. Ne4 Bxg3 21.
fxg3 g5 22. Rf2 g4+ 23. Ke2 e5 24. Rxh2 Rxh2+ 25. Ke3 Rxd4 26. Qxg4+ Kc7 27. Qg8
Nd5+ 28. Bxd5 cxd5 29. Qxf7+ Kb6 30. Qe6+ Ka5 31. Nc5 Kb5 32. Qxe5 Kxc5 33.
Qxd4+ {Black resigns} 1-0

[Event "Team 45 45 League T56"]
[Site "Internet Chess Club"]
[Date "2013.04.15"]
[Round "8"]
[White "oldsj"]
[Black "badmove"]
[Result "0-1"]
[WhiteElo "1556"]
[BlackElo "1662"]
[Opening "Ruy Lopez: closed, anti-Marshall 8.a4"]
[ECO "C88"]
[Time "08:04:43"]
[TimeControl "2700+45"]

1. e4 e5 2. Nf3 Nc6 3. Bb5 a6 4. Ba4 Nf6 5. O-O Be7 6. Re1 b5 7. Bb3 O-O 8. a4
b4 9. a5 d6 10. d3 Be6 11. Nbd2 Qc8 12. Ng5 Bxb3 13. Nxb3 Rb8 14. Nf3 Nd8 15.
Nbd2 Ne6 16. Nc4 Re8 17. c3 bxc3 18. bxc3 Bf8 19. d4 exd4 20. cxd4 Qb7 21. Ncd2
Nf4 22. Qc2 Qc8 23. Nc4 Nxg2 24. Kxg2 Qg4+ 25. Kf1 Qxf3 26. Bg5 Qh1+ 27. Ke2
Rxe4+ 28. Ne3 Qg2 29. Rg1 Rxe3+ 30. Bxe3 Qd5 31. Rg5 Qe6 32. Rag1 g6 33. f4 Nd5
34. R5g3 Nxf4+ 35. Kf2 Nh3+ 36. Kf1 Nxg1 37. Kxg1 Rb3 38. Qf2 Rb1+ 39. Kg2 Qe4+
40. Kh3 Qe6+ 41. Kg2 Be7 42. Qc2 Qd5+ 43. Kh3 Qh5+ 44. Kg2 Qd1 45. Qc4 Rb2+ 46.
Bf2 Qe2 47. Qxc7 Qxf2+ 48. Kh3 Qf5+ 49. Rg4 Rb3+ 50. Kg2 Qxg4+ {White resigns}
0-1